 Dungeon Crawl Stone Soup version 0.28-a0-909-g796cbd3a86 (webtiles) character file.

Game seed: 4324120622947105539

133 mordus the Shield-Bearer (level 5, -4/41 HPs)
             Began as a Formicid Fighter on Oct 21, 2021.
             Slain by an iguana (11 damage)
             ... on level 3 of the Dungeon on Nov 24, 2021.
             The game lasted 00:03:38 (2792 turns).

mordus the Shield-Bearer (Formicid Fighter)         Turns: 2792, Time: 00:03:39

Health: -4/41      AC:  8    Str: 21    XL:     5   Next: 39%
Magic:  5/5        EV:  9    Int:  8    God:
Gold:   94         SH:  4    Dex: 10    Spells: 4/4 levels left

rFire   . . .      SeeInvis +   a - +0 flail
rCold   . . .      Faith    .   c - +0 buckler
rNeg    . . .      Spirit   .   b - +0 scale mail
rPois   .          Reflect  .   (helmet unavailable)
rElec   .          Harm     .   (no cloak)
rCorr   .          Rampage  .   q - +0 pair of gloves
Will    .....                   (no boots)
Stlth   ..........              (no amulet)
HPRegen 0.13/turn               (no ring)
MPRegen 0.09/turn               (no ring)

@: no status effects
A: permanent stasis, dig shafts and tunnels, antennae 3, four strong arms
a: Dig, Shaft Self


You were on level 3 of the Dungeon.
You visited 1 branch of the dungeon, and saw 3 of its levels.

You collected 94 gold pieces.

Inventory:

Hand Weapons
 a - a +0 flail (weapon)
Armour
 b - a +0 scale mail (worn)
 c - a +0 buckler (worn)
 q - a +0 pair of gloves (worn)
Wands
 j - a wand of digging (6)
Scrolls
 e - 2 scrolls of immolation {unknown}
 f - 2 scrolls of noise {unknown}
 g - a scroll of fear {unknown}
 i - a scroll of torment {unknown}
 k - 2 scrolls of fog {unknown}
 l - a scroll of enchant armour {unknown}
 m - a scroll of magic mapping {unknown}
 o - 2 scrolls of identify {unknown}
 p - a scroll of silence {unknown}
Potions
 d - a potion of might
 h - a potion of brilliance


   Skills:
 - Level 3.2 Fighting
 * Level 3.9 Maces & Flails
 + Level 4.2 Armour
 + Level 4.6 Shields


You had 4 spell levels left.
You didn't know any spells.
Your spell library contained the following spells:

 Spells                   Type           Power      Damage    Failure   Level
 Ensorcelled Hibernation  Hex/Ice        0%         N/A       86%         2
 Tukima's Dance           Hex            0%         N/A       98%         3


Dungeon Overview and Level Annotations

Branches:
Dungeon (3/15)

Altars:


Innate Abilities, Weirdness & Mutations

You cannot be hasted, slowed, berserked, paralysed or teleported.
You can dig through walls and to a lower floor.
You have a pair of large antennae on your head. (SInv)
Your four strong arms can wield two-handed weapons with a shield.


Message History

You are poisoned.
The adder poisons you! The iguana closely misses you.
You closely miss the adder.
The adder is almost dead.
You feel sick. The adder closely misses you. The iguana barely misses you.
The adder closely misses you.
You closely miss the adder.
The adder is almost dead.
You feel sick. The adder bites you but does no damage.
The iguana barely misses you.
You hit the adder but do no damage.
The adder is almost dead.
You feel sick. The adder bites you but does no damage. The iguana bites you!
The adder bites you but does no damage.
You hit the adder.
You kill the adder!
You feel sick. The iguana bites you!
The iguana bites you but does no damage.
You are too injured to fight recklessly!
You hit the iguana but do no damage.
You feel sick.
You are no longer poisoned.
You block the iguana's attack.
You barely miss the iguana. The iguana bites you.
You hit the iguana but do no damage. You block the iguana's attack.
You thump the iguana!
The iguana is heavily wounded.
The iguana bites you but does no damage.
You hit the iguana.
The iguana is severely wounded.
The iguana bites you!
* * * LOW HITPOINT WARNING * * *
The iguana closely misses you. The iguana closely misses you.
You completely miss the iguana.
The iguana is heavily wounded.
The iguana barely misses you.
You hit the iguana.
The iguana is severely wounded.
The iguana bites you!
You die...

... ....
........######## ##.#
#.##########.###### #.#
### .......(.....# #.#
.......###.####.# #.#
....... #.# #.##
....... #.####.###
###..#
.......###.........
.....#
.......#........#.#
###..#
.......#@#.####.#
.....# .......l...# ..
#.#.## .......'#### #
..#.# .............#
#...### .............#
......##...............
.......#.............##
#.#.#.##............##
#.#.#.# #....########


You could see an iguana.

Vanquished Creatures
  A wyvern zombie (D:3)
  Terence (D:3)
  2 adders
  A worm (D:2)
  A dart slug (D:1)
  3 bats
  2 endoplasms
  A goblin (D:2)
  2 hobgoblins
  2 quokkas
  A ball python (D:2)
  6 frilled lizards
  6 kobolds
  3 rats
32 creatures vanquished.

Vanquished Creatures (others)
  2 plants (D:1)
2 creatures vanquished.

Grand Total: 34 creatures vanquished

Notes
Turn   | Place    | Note
-------+----------+-------------------------------------------
     0 | D:1      | mordus the Formicid Fighter began the quest for the Orb.
     0 | D:1      | Reached XP level 1. HP: 18/18 MP: 1/1
   280 | D:1      | Reached XP level 2. HP: 16/24 MP: 2/2
   380 | D:1      | Found a faded altar of an unknown god.
  1067 | D:2      | Reached XP level 3. HP: 29/29 MP: 3/3
  1411 | D:2      | Upgraded the game from 0.28-a0-691-gad6df49e81 to
                  | 0.28-a0-909-g796cbd3a86
  2262 | D:3      | Noticed Terence
  2285 | D:3      | Killed Terence
  2286 | D:3      | Reached XP level 4. HP: 10/35 MP: 4/4
  2406 | D:3      | Reached XP level 5. HP: 7/41 MP: 5/5
  2792 | D:3      | Slain by an iguana

Illustrated notes

Levels and vault maps discovered:
D:1:      co_arrival_square_in_a_square_in_a_square, layout_rooms,
          hellmonk_ecumenical_altar_inner_sanctum, lexackson_kobold_supper
D:2:      layout_basic, minivault_25
D:3:      layout_basic, uniq_ijyb, uniq_terence

Skill      XL: |  1  2  3  4 |
---------------+-------------+-----
Shields        | 4 |  4.6
Maces & Flails | 3 |  3.9
Armour         | 4 |  4.2
Fighting       | |  3.2

Action                   |  1- 3 |  4- 6 || total
-------------------------+-------+-------++-------
Melee: Flail             |   114 |    29 ||   143
  Use: Potion            |     3 |       ||     3
Armor: Scale mail        |    38 |    12 ||    50
Dodge: Dodged            |    53 |    14 ||    67
Block: Buckler           |    23 |     7 ||    30

Table legend: (Time is in decaauts)
 A = Elapsed time spent in this place.
 B = Non-inter-level travel time spent in this place.
 C = Inter-level travel time spent in this place.
 D = Time resting spent in this place.
 E = Time spent auto-exploring this place.
 F = Levels seen in this place.
 G = Mean time per level.
                   A        B        C        D        E       F      G
               +--------+--------+--------+--------+--------+-----+--------+
         Total |   2828 |   2744 |     84 |    327 |   2038 |   3 |  942.7 |
       Dungeon |   2828 |   2744 |     84 |    327 |   2038 |   3 |  942.7 |
               +--------+--------+--------+--------+--------+-----+--------+

Top non-repeatable levels by time:
     D:2: 1087 daAuts
     D:1: 944 daAuts
     D:3: 796 daAuts
